AoeStats
← RedStallion1713

Highland

504939977Analyzed
2v2 RM · 24d ago on Sep 7, 2026· 54m 21s· 4 players
Game mode
Random Map
Map size
Medium (4 player)
Population
200
Speed
Normal
Resources
Standard
Victory
Conquest
Starting age
Dark Age
Ending age
Imperial Age
RankedLock teamsTeams togetherTeam positionsShared explorationLock speedFull tech treeHidden civsTurbo modeCheats
Victory
Defeat
🇨🇦 Spanish · Canada
923
+13
🇨🇦 Bulgarians · Canada
923
+13
🇺🇸 Byzantines · United States
919
-15
🇺🇸 Goths · United States
812
-11
ChocoThunder
14:05 Feudal Age
16:01 Double-Bit Axe
18:55 Castle Age
16:45 Loom
21:35 Bow Saw
23:30 Horse Collar
24:31 Scale Barding Armor
24:18 Fletching
30:22 Husbandry
32:34 Wheelbarrow
32:50 Heavy Plow
35:02 Gold Mining
35:06 Stone Mining
35:09 Fishing Lines
36:50 Chain Barding Armor
36:27 Bodkin Arrow
36:43 Forging
37:59 Ballistics
37:36 Murder Holes
37:59 Clinker Construction
38:00 Careening
38:01 Siphons
37:40 Treadmill Crane
38:15 Fortified Wall
41:26 Gillnets
48:43 Imperial Age
46:29 Hand Cart
48:33 Iron Casting
48:06 Squires
47:27 Pikeman
49:46 Conscription
49:10 Heavy Camel Rider
50:01 Demolition Ship
50:57 Medium Warships
51:56 Chemistry
51:18 Shipwright
RedStallion1713
1:03 Loom
12:21 Feudal Age
13:06 Double-Bit Axe
16:48 Castle Age
15:23 Fishing Lines
16:31 Forging
16:21 Scale Mail Armor
16:05 Horse Collar
19:27 Wheelbarrow
19:39 Bow Saw
21:10 Town Watch
26:32 Elite Skirmisher
29:47 Heavy Plow
31:26 Hand Cart
36:21 Imperial Age
34:33 Padded Archer Armor
34:23 Fletching
35:14 Ballistics
38:13 Pikeman
38:54 Squires
40:07 Gillnets
41:32 Two-Man Saw
45:20 Chain Mail Armor
47:17 Halberdier
IcePic
11:45 Feudal Age
11:53 Loom
16:19 Castle Age
14:14 Double-Bit Axe
25:45 Fletching
38:44 Imperial Age
36:23 Husbandry
39:08 Cavalier
40:41 Bloodlines
40:35 Bodkin Arrow
40:40 Padded Archer Armor
40:47 Scale Barding Armor
40:53 Forging
42:46 Bracer
43:01 Leather Archer Armor
43:22 Iron Casting
43:07 Chain Barding Armor
45:41 Elite Conquistador
50:09 Ballistics
50:50 Chemistry
thestriker35
4:47 Loom
12:45 Feudal Age
13:12 Horse Collar
13:43 Double-Bit Axe
16:33 Wheelbarrow
18:26 Scale Mail Armor
22:09 Castle Age
19:57 Town Watch
21:36 Stone Mining
21:37 Gold Mining
23:00 Gambesons
24:19 Bow Saw
26:17 Heavy Plow
30:49 Scale Barding Armor
31:00 Forging
32:20 Hand Cart
34:30 Stirrups
37:34 Imperial Age
37:51 Stone Shaft Mining
37:51 Gold Shaft Mining
37:54 Iron Casting
37:43 Ballistics
38:02 Chain Barding Armor
38:51 Stirrups
40:27 Plate Barding Armor
40:52 Blast Furnace
40:51 Light Cavalry
41:42 Bloodlines
40:54 Elite Konnik
41:55 Conscription
42:18 Chain Mail Armor
42:37 Crop Rotation
44:32 Town Patrol
45:36 Caravan
47:25 Bagains
49:18 Plate Mail Armor
49:02 Hussar
Connection lost

Rejoining the realm…

Still unreachable

The connection could not be restored.

Session expired

The server has moved on; the page needs a fresh start.